 Dungeon Crawl Stone Soup version 0.32-a0-643-ga006e7742e (webtiles) character file.

Game seed: 6027679880349039839

7699 IdlyInterested the Carver (level 11, -2/86 HPs)
             Began as a Demonspawn Gladiator on Mar 6, 2024.
             Slain by an orc high priest
             ... wielding a +0 war axe
              (4 damage)
             ... on level 9 of the Dungeon on Mar 7, 2024.
             The game lasted 00:31:05 (9195 turns).

IdlyInterested the Carver (Demonspawn Gladiator)    Turns: 9195, Time: 00:31:05

Health: -2/86      AC:  9    Str: 16    XL:     11   Next: 0%
Magic:  11/11      EV: 12    Int:  9    God:
Gold:   419        SH: 12    Dex: 29    Spells: 10/10 levels left

rFire   . . .        a - +0 long sword
rCold   . . .        G - +0 kite shield
rNeg    . . .        Q - +0 acid dragon scales
rPois   .            (helmet restricted)
rElec   .            (no cloak)
rCorr   +            t - +1 pair of gloves
SInv    .            (no boots)
Will    +....        (no amulet)
Stlth   +++          w - +6 ring of dexterity
HPRegen 0.34/turn    D - +6 ring of dexterity
MPRegen 0.12/turn

%: no passive effects
@: enlightened, flying
A: claws 1, horns 2, demonic guardian 3, ignite blood 2, weakness stinger 1
a: Convert to Beogh


You were on level 9 of the Dungeon.
You visited 2 branches of the dungeon, and saw 10 of its levels.
You also visited: Ossuary.

You collected 643 gold pieces.
You spent 224 gold pieces at shops.

Inventory:

Hand Weapons
 a - a +0 long sword (weapon)
 c - a +0 long sword
 y - a +2 short sword of draining
Missiles
 d - 3 throwing nets
 l - 102 stones (quivered)
 r - 8 boomerangs
 s - a javelin
 A - 11 poisoned darts
Armour
 t - a +1 pair of gloves (worn)
 G - a +0 kite shield (worn)
 H - a +2 chain mail of poison resistance
 K - the +2 leather armour of the Elven Halls {rC++}
   (You found it on level 7 of the Dungeon)

   rC++:      It greatly protects you from cold.
 Q - +0 acid dragon scales (worn)
 R - a +2 chain mail of fire resistance
 S - a +0 plate armour
 T - a +1 pair of gloves
Jewellery
 m - a ring of fire
 w - a +6 ring of dexterity (left hand)
 D - a +6 ring of dexterity (right hand)
 M - a ring of wizardry
Talismans
 N - a flux talisman
 O - a maw talisman
 P - a blade talisman
Wands
 b - a wand of flame (19)
 g - a wand of polymorph (8)
 u - a wand of paralysis (18)
 B - a wand of iceblast (4)
 J - a wand of light (8)
 U - a wand of mindburst (9)
Scrolls
 e - 2 scrolls of revelation
 f - 4 scrolls of fear
 i - 4 scrolls of fog
 k - a scroll of torment {unknown}
 o - 2 scrolls of vulnerability {unknown}
 x - 4 scrolls of immolation {unknown}
 C - 5 scrolls of teleportation
 I - a scroll of blinking {unknown}
 L - 2 scrolls of noise {unknown}
Potions
 h - 2 potions of might
 j - 3 potions of curing
 n - 3 potions of lignification
 q - 4 potions of mutation
 v - a potion of attraction
 z - a potion of heal wounds
 E - 3 potions of magic
 F - a potion of degeneration {unknown}


   Skills:
 + Level 7.9 Fighting
 * Level 12.1 Long Blades
 - Level 3.0 Throwing
 - Level 4.0 Armour
 - Level 3.0 Dodging
 - Level 3.0 Stealth
 - Level 3.0 Shields
 - Level 3.0 Evocations


You had 10 spell levels left.
You didn't know any spells.
Your spell library contained the following spells:

 Spells                   Type           Power      Damage    Failure   Level
 Magic Dart               Conj           0%         1d3       86%         1
 Blink                    Tloc           0%         N/A       94%         2
 Call Imp                 Summ           0%         N/A       94%         2
 Ensorcelled Hibernation  Hex/Ice        0%         N/A       94%         2
 Jinxbite                 Hex            0%         N/A       94%         2
 Scorch                   Fire           0%         2d5       94%         2
 Fugue of the Fallen      Necr           0%         N/A       99%         3
 Hailstorm                Conj/Ice       0%         3d5       99%         3
 Summon Ice Beast         Ice/Summ       0%         N/A       99%         3
 Tukima's Dance           Hex            0%         N/A       99%         3
 Anguish                  Hex/Necr       0%         N/A       100%        4
 Dimensional Bullseye     Hex/Tloc       0%         N/A       100%        4
 Flame Wave               Conj/Fire      0%         2d4       100%        4
 Iskenderun's Mystic Bla  Conj/Tloc      0%         2d3       100%        4
 Alistair's Intoxication  Alch           0%         N/A       100%        5
 Borgnjor's Vile Clutch   Necr/Erth      0%         N/A       100%        5
 Yara's Violent Unravell  Hex/Alch       0%         3d3       100%        5
 Eringya's Noxious Bog    Alch           0%         4d6       100%        6
 Sculpt Simulacrum        Ice/Alch       0%         N/A       100%        6
 Summon Cactus Giant      Summ           0%         N/A       100%        6
 Enfeeble                 Hex            0%         N/A       100%        7


Dungeon Overview and Level Annotations

Branches:
Dungeon (9/15)             Temple (1/1) D:6            Lair (0/5) D:8
Ossuary (visited)
    Orc: D:9-12

Altars:
Ashenzari
Cheibriados
Dithmenos
Fedhas
Gozag
Hepliaklqana
Kikubaaqudgha
Makhleb
Nemelex Xobeh
Okawaru
Qazlal
Ru
Sif Muna
Trog
Uskayaw
Vehumet
Wu Jian
Xom
Yredelemnul

Shops:
D:1 ?   D:2 *   D:4 *   D:7 *

Annotations:
D:9 1 transporter


Innate Abilities, Weirdness & Mutations

You have sharp fingernails.
You have a pair of horns on your head.
A powerful demonic guardian rushes to your aid.
Your demonic aura often causes spilled blood to erupt in flames.
You have a small tail.


Message History

Partly explored, unvisited transporter.
There is a transporter here.
You enter the transporter and appear at another place.
The deep elf knight shouts!
The orc priest shouts! x2; You hear a shout!
The orc high priest shouts!
U - a wand of mindburst (9)
J - a wand of light (8) (gained 4 charges)
You feel very buoyant.
You fly up into the air.
You reach down and open the door.
The orc high priest says, "Oblivion to the unbeliever."
The deep elf knight gestures at you while chanting.
The shard of ice hits you!!
The orc high priest calls down the wrath of Beogh upon you.
You easily resist.
There is an open door here.
The deep elf knight gestures at you while chanting.
The shard of ice hits you!!
A demonic guardian appears!
The orc priest mumbles some strange prayers to Beogh against you.
Beogh smites you!
* * * LOW HITPOINT WARNING * * *
The orc high priest mumbles some strange prayers to Beogh against you.
Beogh smites you!
* * * LOW HITPOINT WARNING * * *
The orc priest completely misses you.
The orc high priest hits you with a +0 war axe.
* * * LOW HITPOINT WARNING * * *
The kobold demonologist mumbles some strange words.
The kobold demonologist casts a spell.
Send 'em back where they came from!
Your sixfirhy shudders.
The orc high priest closely misses you.
The orc high priest shouts, "Surrender to Beogh and we'll let you live!"
You slice the orc high priest!!
The orc high priest is heavily wounded.
The orc high priest shouts, "The Pantheon deserves no one's loyalty.
Let us show you the true path!"
The orc priest threatens, "Beogh's wrath is as vast as their mercy.
Make your choice!" You block the orc priest's attack.
The orc high priest hits you with a +0 war axe.
You die...

#.##.# #.........# #..# ..##.#
#####...####### #..# ####)#
#...÷.©.....# ######..# #.#
#.#########.# #.......## #)#
#.#ßP.©.Pß#.# #.##.....# #.#
#.#P.....P#.####.#.......
####.#
#.####'####......#.......
.)...#
#.#e≈...≈o#.######...<...
.##### #.#K≈..3@o#.# ##.....#
#.## #.#K≈~~~≈o#.# ##...##
##.######.#o≈~♣~≈o#.# ##.##
.......)..#.≈P~~≈K#.# #.#
####.#....#.≈...≈o#.#########.#
##.....#.≈..4≈.#...........#
#...#.####+####.########### ##
#.#.#.#~.$=!.~#.# .#
#.#.#.#ßP$©$Pß#.#


You could see 2 orc high priests, a deep elf knight, 3 kobold demonologists, a
red devil (summoned), 4 orc priests and a friendly sixfirhy (summoned).

Vanquished Creatures
  A boulder beetle (D:9)
  Pikel (D:5)
  A shadow (D:9)
  A wyvern (D:9)
  8 yaks (D:8)
  Eustachio (D:6)
  A basilisk (D:9)
  A steam dragon (D:5)
  Edmund (D:6)
  An acid dragon (D:9)
  3 water moccasins (D:8)
  3 sky beasts
  3 orc warriors (D:9)
  An ice beast (D:5)
  A black bear (D:8)
  An ogre (D:6)
  4 centaurs
  2 lemures (D:5)
  A phantom (D:4)
  A kobold brigand (D:9)
  A bullfrog (D:8)
  A gnoll sergeant (D:6)
  6 scorpions
  10 wights
  7 killer bees
  The ghost of KSaturn the Chiller, a weakling BaIE of Vehumet (D:5)
  A bombardier beetle (D:5)
  2 centaur zombies (Ossuary)
  A jelly (D:5)
  6 hounds
  An orc priest (D:7)
  3 iguanas
  4 scorpion zombies (Ossuary)
  3 sleepcaps
  Ijyb (D:5)
  9 orc wizards
  2 mummies (Ossuary)
  7 gnolls (D:6)
  5 adders
  3 white imps
  3 ufetubi
  6 dart slugs
  A ribbon worm (D:2)
  29 orcs
  8 endoplasms
  4 giant cockroaches
  A gnoll zombie (Ossuary)
  9 hobgoblins
  4 quokkas
  12 ball pythons
  3 ball python zombies (Ossuary)
  5 bats
  4 frilled lizards
  10 goblins
  2 jackal zombies (Ossuary)
  7 kobolds
  2 orc zombies (Ossuary)
  8 rats
229 creatures vanquished.

Vanquished Creatures (collateral kills)
  An ogre (D:5)
  2 lemures (D:5)
  3 scorpions (Ossuary)
  A centaur zombie (Ossuary)
  2 orc priests
  A human zombie (Ossuary)
  2 scorpion zombies (Ossuary)
  2 orc wizards (D:5)
  A mummy (Ossuary)
  An ufetubus (D:5)
  4 orcs
  A jackal zombie (Ossuary)
21 creatures vanquished.

Vanquished Creatures (others)
  A black bear (D:8)
  A bullfrog (D:8)
2 creatures vanquished.

Grand Total: 252 creatures vanquished

Notes
Turn   | Place    | Note
-------+----------+-------------------------------------------
     0 | D:1      | IdlyInterested the Demonspawn Gladiator began the quest for
                  | the Orb.
     0 | D:1      | Reached XP level 1. HP: 16/16 MP: 1/1
   176 | D:1      | Reached skill level 3 in Long Blades
   176 | D:1      | Discovered your monstrous ancestry.
   176 | D:1      | Gained mutation: You have a pair of small horns on your
                  | head. [demonic ancestry]
   176 | D:1      | Reached XP level 2. HP: 22/22 MP: 2/2
   270 | D:1      | Found Usost's Magic Scroll Emporium.
   508 | D:1      | Reached skill level 1 in Armour
   625 | D:1      | Gained mutation: You have a small tail. [demonic ancestry]
   625 | D:1      | Reached XP level 3. HP: 20/27 MP: 3/3
   636 | D:1      | Found a faded altar of an unknown god.
   636 | D:1      | Noticed a Brimstone Fiend
   834 | D:1      | Bought a scroll of identify for 28 gold pieces
   961 | D:2      | Identified the +9 sling of Rexicuj {flame, Dex+3}
  1272 | D:2      | Reached skill level 1 in Stealth
  1339 | D:2      | Gained mutation: A weak demonic guardian rushes to your
                  | aid. [demonic ancestry]
  1339 | D:2      | Reached XP level 4. HP: 32/33 MP: 4/4
  1382 | D:2      | Found Voseorow's General Store.
  1828 | D:3      | Reached skill level 4 in Long Blades
  1828 | D:3      | Reached skill level 1 in Evocations
  2223 | D:3      | Found a bloodstained altar of Trog.
  2231 | D:3      | Gained mutation: A demonic guardian rushes to your aid.
                  | [demonic ancestry]
  2231 | D:3      | Reached XP level 5. HP: 38/38 MP: 5/5
  2414 | D:3      | Found a shimmering blue altar of Sif Muna.
  2571 | D:2      | Bought a potion of heal wounds for 70 gold pieces
  2604 | D:1      | Bought a scroll of fear for 56 gold pieces
  2665 | D:4      | Noticed a phantom
  2684 | D:4      | Killed a phantom
  2685 | D:4      | Reached skill level 5 in Long Blades
  2852 | D:4      | Gained mutation: A powerful demonic guardian rushes to your
                  | aid. [demonic ancestry]
  2852 | D:4      | Reached XP level 6. HP: 35/47 MP: 6/6
  3162 | D:4      | Found Yrehech's Gadget Gallery.
  3188 | D:4      | Found an opulent altar of Gozag.
  3396 | D:1      | Bought a scroll of teleportation for 42 gold pieces
  3441 | D:5      | Entered Level 5 of the Dungeon
  3441 | D:5      | Noticed an ice beast
  3441 | D:5      | Noticed Pikel
  3447 | D:5      | Found a broken altar of Ashenzari.
  3458 | D:5      | Killed Pikel
  3459 | D:5      | Reached skill level 7 in Long Blades
  3459 | D:5      | Reached XP level 7. HP: 31/52 MP: 7/7
  3537 | D:5      | Noticed a steam dragon
  3540 | D:5      | Noticed KSaturn's ghost (weakling BaIE)
  3545 | D:5      | Found a transporter.
  3588 | D:5      | Found a sand-covered staircase.
  3591 | Ossuary  | Entered an ossuary
  3789 | Ossuary  | Gained mutation: You have a pair of horns on your head.
                  | [demonic ancestry]
  3789 | Ossuary  | Reached XP level 8. HP: 53/58 MP: 8/8
  3816 | Ossuary  | Reached skill level 8 in Long Blades
  4145 | D:5      | Reached skill level 5 in Fighting
  4180 | D:5      | Found a basalt altar of Yredelemnul.
  4221 | D:5      | Noticed Ijyb
  4229 | D:5      | Killed Ijyb
  4280 | D:5      | Reached skill level 9 in Long Blades
  4470 | D:5      | Found a transporter.
  4875 | D:5      | Gained mutation: Your demonic aura sometimes causes spilled
                  | blood to erupt in flames. [demonic ancestry]
  4875 | D:5      | Reached XP level 9. HP: 48/69 MP: 9/9
  4875 | D:5      | Killed KSaturn's ghost
  5036 | D:2      | Bought a scroll of identify for 28 gold pieces
  5237 | D:6      | Found a staircase to the Ecumenical Temple.
  5257 | Temple   | Entered the Ecumenical Temple
  5271 | D:6      | Noticed Eustachio
  5272 | D:6      | Reached skill level 1 in Shields
  5291 | D:6      | Killed Eustachio
  5312 | D:6      | Found a hazy altar of Hepliaklqana.
  5313 | D:6      | Found a shadowy altar of Dithmenos.
  5557 | D:6      | Reached skill level 10 in Long Blades
  5572 | D:6      | Found a sacrificial altar of Ru.
  5831 | D:6      | Found a snail-covered altar of Cheibriados.
  5874 | D:6      | Noticed Edmund
  5883 | D:6      | Killed Edmund
  6502 | D:7      | Identified the +2 leather armour of the Elven Halls {rC++}
  6703 | D:7      | Found Zin's Purification Station.
  7009 | D:8      | Gained mutation: Your demonic aura often causes spilled
                  | blood to erupt in flames. [demonic ancestry]
  7009 | D:8      | Reached XP level 10. HP: 76/76 MP: 10/10
  7031 | D:8      | Reached skill level 11 in Long Blades
  7653 | D:8      | Found a staircase to the Lair.
  7880 | D:9      | Found a hide-covered altar of Uskayaw.
  8051 | D:9      | Upgraded the game from 0.32-a0-630-g46d191b0ed to
                  | 0.32-a0-643-ga006e7742e
  8313 | D:9      | Noticed a two-headed ogre
  8321 | D:9      | Noticed a boulder beetle
  8443 | D:9      | Found a burning altar of Makhleb.
  8672 | D:9      | Noticed a deep elf knight
  8679 | D:9      | Found a transporter.
  8777 | D:9      | Killed a boulder beetle
  8778 | D:9      | Reached skill level 12 in Long Blades
  8783 | D:9      | Found a transporter.
  8795 | D:9      | Noticed an orc high priest
  8800 | D:9      | Noticed an orc high priest
  9032 | D:9      | Identified the staff of Reinforcement {rN+ Int+3 Necro}
  9138 | D:9      | Gained mutation: You have sharp fingernails. [demonic
                  | ancestry]
  9138 | D:9      | Reached XP level 11. HP: 86/86 MP: 11/11
  9194 | D:9      | HP: 2/86 [orc high priest/+0 war axe (3)]
  9195 | D:9      | Slain by an orc high priest

Illustrated notes

Levels and vault maps discovered:
D:1:      scummos_arrival_hexagon, layout_loops_cross, serial_shops,
          shop_fountains, dreamdust_ecumenical_altar_sealed_demon
D:2:      layout_basic, serial_shops, shop
D:3:      layout_rooms, led_sif_pool, trog_butcher_becter, serial_bayou_lake_a
D:4:      layout_cave_pools, mainiacjoe_overflow_cross_hatched, hex_medium,
          nicolae_shop_gadgets
D:5:      layout_basic, ashenzari_conservatory_becter,
          yredelemnul_altar_generic, lightli_ossuary_entry_decrepit_ruins,
          gammafunk_ghost_arena, uniq_pikel, uniq_ijyb
D:6:      layout_loops_ring, riverfiend_overflow_shadow_ancestor,
          kennysheep_slug_shrine, kennysheep_little_box,
          minmay_temple_entry_large_hall, uniq_edmund, uniq_eustachio
D:7:      layout_loops_ring, zin_purify
D:8:      layout_loops_ring, due_lair_maze_entry_diamond, lemuel_flamethrower_2
D:9:      gammafunk_wand_slinger, layout_loops_ring, amcnicky_altar_gilded,
          mainiacjoe_overflow_catwalk, lemuel_round_altar,
          minmay_mirror_moons_of_madness
Temple:   kb_temple_of_zot

Skill      XL: |  1  2  3  4  5  6  7  8  9 10 |
---------------+-------------------------------+-----
Long Blades    | 3 4 5 7 9 10 12 | 12.1
Dodging        | 3 |  3.0
Armour         | 1 2 3 4 |  4.0
Throwing       | 2 3 |  3.0
Stealth        | 1 2 3 |  3.0
Evocations     | 1 2 3 |  3.0
Fighting       | 3 5 6 7 |  7.9
Shields        | 3 |  3.0

Action                     |  1- 3 |  4- 6 |  7- 9 | 10-12 || total
---------------------------+-------+-------+-------+-------++-------
  Melee: Long sword        |   113 |   120 |   269 |   169 ||   671
         Headbutt          |    14 |    21 |    78 |    51 ||   164
         Tailslap          |     7 |    15 |    47 |    30 ||    99
         Short sword       |       |     4 |       |       ||     4
  Throw: Stone             |       |     5 |    11 |     9 ||    25
         Javelin           |       |     1 |       |       ||     1
         Dart              |       |       |       |     2 ||     2
    Use: Scroll            |       |     5 |     5 |       ||    10
         Potion            |       |     1 |     1 |     3 ||     5
   Stab: Sleeping          |     2 |       |       |       ||     2
         Distracted        |       |     1 |       |     1 ||     2
 Armour: Leather armour    |    92 |     9 |       |       ||   101
         Chain mail        |       |   120 |   237 |    55 ||   412
         Acid dragon scale |       |       |       |    25 ||    25
  Dodge: Dodged            |    69 |    49 |   100 |    33 ||   251
  Block: Kite shield       |       |       |   133 |   103 ||   236

Table legend: (Time is in decaauts)
 A = Elapsed time spent in this place.
 B = Non-inter-level travel time spent in this place.
 C = Inter-level travel time spent in this place.
 D = Time resting spent in this place.
 E = Time spent auto-exploring this place.
 F = Levels seen in this place.
 G = Mean time per level.
                   A        B        C        D        E       F      G
               +--------+--------+--------+--------+--------+-----+--------+
         Total |   9279 |   8516 |    763 |   1269 |   4955 |  11 |  843.5 |
       Dungeon |   8727 |   7964 |    763 |   1039 |   4922 |   9 |  969.7 |
        Temple |      1 |      1 |      0 |      0 |      0 |   1 |    1.0 |
       Ossuary |    550 |    550 |      0 |    230 |     33 |   1 |  550.0 |
               +--------+--------+--------+--------+--------+-----+--------+

Top non-repeatable levels by time:
     D:9: 1315 daAuts
     D:2: 1151 daAuts
     D:5: 996 daAuts
     D:7: 961 daAuts
     D:8: 918 daAuts
     D:3: 903 daAuts
     D:6: 889 daAuts
     D:1: 881 daAuts
     D:4: 709 daAuts
 Ossuary: 550 daAuts
  Temple: 1 daAuts
